Unix NetHack Version 5.0.0-0 post-release - last build May  4 2026 22:22:43 (774f63e81ad911689b3a0859ea89b322d5daca8d,branch:main).

Game began 2026-05-08 12:39:32, ended 2026-05-08 12:56:33.

Drastanta, chaotic male elven Wizard

     ------
     |....|
     |....|
     |....|
     |....-#
     ----.-#
         # #
         # #
      fu## #####
      @        #
     ##        #  -----
  ---.----     #  |...|
  |......|     ###..<.|
  |......|        |....
  |......-#       -----
  |......|
  --------

Drastanta the Conjurer    St:10 Dx:15 Co:15 In:16 Wi:11 Ch:8  Chaotic
Dlvl:5  $:45 HP:0(33) Pw:20(45) AC:9  Xp:4 T:2013 

Latest messages:
 What do you want to use or apply? [chl-orA or ?*] <esc>
 Never mind.
 You descend the stairs.
 There is a staircase up to level 4 here.
 You swap places with your kitten.
 It's solid stone.
 It's solid stone.
 It's solid stone.
 It's solid stone.
 It's solid stone.
 It's solid stone.
 The kitten misses the little dog.
 You hit the little dog!
 The little dog turns to flee.
 The kitten misses the little dog.
 The kitten misses the little dog.
 You kill the little dog!
 You swap places with your kitten.
 You swap places with your kitten.
 It's solid stone.
 The pony kicks!
 The pony bites!
 You miss the pony.
 The pony kicks!
 The pony bites!
 The pony kicks!
 The pony bites!
 You miss the pony.
 The kitten misses the pony.
 The pony kicks!
 The pony bites!
 The kitten misses the pony.
 In what direction? 6
 The spell misses the pony.
 The kitten bites the pony.
 The pony kicks!
 The pony bites!
 You swap places with your kitten.
 The kitten misses the pony.
 The pony kicks!
 The pony bites!
 The kitten misses the pony.
 The pony kicks!
 The pony bites!
 You die...
 Do you want your possessions identified? [ynq] (y) n
 Do you want to see your attributes? [ynq] (y) n
 Do you want an account of creatures vanquished? [ynaq] (y) n
 Do you want to see your conduct and achievements? [ynq] (y) n
 Do you want to see the dungeon overview? [ynq] (y) n

Inventory:
 Coins    ('$')
  $ - 45 gold pieces
 Weapons  (')')
  a - a blessed +1 quarterstaff (weapon in hands)
  y - a +0 quarterstaff
 Armor    ('[')
  b - an uncursed +0 cloak of magic resistance (being worn)
 Comestibles  ('%')
  x - an uncursed slime mold
  w - 6 uncursed food rations
  p - 2 uncursed melons
 Scrolls  ('?')
  z - an uncursed scroll of blank paper
  i - an uncursed scroll of create monster
  v - 2 uncursed scrolls of gold detection
  j - an uncursed scroll of identify
  k - an uncursed scroll of magic mapping
  q - an uncursed scroll of punishment
 Spellbooks  ('+')
  r - an uncursed spellbook of detect unseen
  l - a blessed spellbook of force bolt
  m - an uncursed spellbook of remove curse
 Potions  ('!')
  f - an uncursed potion of fruit juice
  h - an uncursed potion of oil
  g - an uncursed potion of paralysis
  u - 2 uncursed potions of water
 Rings    ('=')
  t - a cursed ring of polymorph control
  e - an uncursed ring of slow digestion (on left hand)
  d - an uncursed ring of stealth
 Wands    ('/')
  c - a wand of secret door detection (0:14)
  A - a wand of teleportation (0:6)
 Tools    ('(')
  o - an uncursed wooden flute
  n - a magic marker (0:20)

Drastanta the Wizard's attributes:

Background:
 You were a Conjurer, a level 4 male elven Wizard.
 You were chaotic, nominally on a mission for Anhur
 who was opposed by Ptah (lawful) and Thoth (neutral).
 You were right-handed.
 You were in the Dungeons of Doom, on level 5.
 You entered the dungeon 2013 turns ago.
 You had 99 experience points, 61 more were needed to attain level 5.

Basics:
 You had 0 out of 33 hit points.
 You had 20 out of 45 energy points (spell power).
 Your armor class was 9.
 Your wallet contained 45 zorkmids.
 Autopickup was off.

Final Characteristics:
 Your strength was 10 (limit:18).
 Your dexterity was 15 (limit:18).
 Your constitution was 15 (limit:16).
 Your intelligence was 16 (limit:20).
 Your wisdom was 11 (limit:20).
 Your charisma was 8 (limit:18).

Final Status:
 You weren't hungry.
 You were unencumbered.
 You were wielding a quarterstaff.
 You had basic skill with quarterstaff.

Final Attributes:
 You were devoutly aligned.
 You were sleep resistant.
 You had infravision.
 You had slower digestion.
 You were warded.
 You are dead.

Miscellaneous:
 You encountered 1 bones level.
 Total elapsed playing time was 17 minutes.

Major events:
 Turn
    1: Drastanta the chaotic male elven Wizard entered the dungeon
 1414: attained the rank of Conjurer (level 3)
 2013: killed by a pony

Spells:
 Name                 Level Category     Fail Retention
 force bolt             1   attack         0%   81%-90%
 remove curse           3   clerical      96%  76%-100%

Skills:
 Fighting Skills
   bare handed combat [Unskilled]
   riding             [Unskilled]
 Weapon Skills
   dagger             [Unskilled]
   knife              [Unskilled]
   axe                [Unskilled]
   short sword        [Unskilled]
   club               [Unskilled]
   mace               [Unskilled]
   quarterstaff       [Basic]
   polearms           [Unskilled]
   spear              [Unskilled]
   trident            [Unskilled]
   sling              [Unskilled]
   dart               [Unskilled]
   shuriken           [Unskilled]
 Spellcasting Skills
   attack spells      [Basic]
   healing spells     [Unskilled]
   divination spells  [Unskilled]
   enchantment spells [Basic]
   clerical spells    [Unskilled]
   escape spells      [Unskilled]
   matter spells      [Unskilled]

Voluntary challenges:
 Character rerolling was not enabled.
 You were an atheist.
 You were illiterate.
 You never genocided any monsters.
 You never polymorphed an object.
 You never changed form.
 You used no wishes.
Achievements:
 You entered a shop.
 You attained the rank of Conjurer.

 The Dungeons of Doom: levels 1 to 5
    Level 1:
       Some fountains.
    Level 2:
       A fountain, a sink, a grave.
    Level 3:
    Level 4:
       A general store.
    Level 5: <- You were here.
       Final resting place for
          you, killed by a pony,
          31245981910-Mon-Hum-Fem-Cha, killed by a pony.
 The Tutorial:
    Level 1:


Vanquished creatures:
  a little dog
  a floating eye
  a homunculus
  3 dwarf zombies
  a wererat
  a giant rat
  3 cave spiders
  a yellow mold
  a green mold
  3 garter snakes
  3 geckos
  2 jackals
  a fox
  a kobold
  2 sewer rats
  6 grid bugs
  5 lichens
  4 kobold zombies
  2 newts
42 creatures vanquished.

No species were genocided or became extinct.

Game over:
                       ----------
                      /          \
                     /    REST    \
                    /      IN      \
                   /     PEACE      \
                  /                  \
                  |    Drastanta     |
                  |      45 Au       |
                  | killed by a pony |
                  |                  |
                  |                  |
                  |                  |
                  |       2026       |
                 *|     *  *  *      | *
        _________)/\\_//(\/(/\)/\//\/|_)_______

Goodbye Drastanta the Wizard...

You died in The Dungeons of Doom on dungeon level 5 with 637 points,
and 45 pieces of gold, after 2013 moves.
You were level 4 with a maximum of 33 hit points when you died.

